AoeStats
← rmarc

Lombardia

507189714Analyzed
4v4 RM · 14d ago on Sep 17, 2026· 68m 25s· 8 players
Game mode
Random Map
Map size
Large (8 player)
Population
200
Speed
Normal
Resources
Standard
Victory
Conquest
Starting age
Dark Age
Ending age
Imperial Age
RankedLock teamsTeams togetherTeam positionsShared explorationLock speedFull tech treeHidden civsTurbo modeCheats
Victory
Defeat
🇺🇸 Magyars · United States
1265
+15
🇺🇸 Khmer · United States
1259
+16
🇲🇽 Saracens · Mexico
1221
+17
🇺🇸 Hindustanis · United States
1175
+20
🇦🇷 Vikings · Argentina
1315
-19
🇦🇷 Huns · Argentina
1271
-18
🇦🇷 Cumans · Argentina
1241
-17
🇦🇷 Magyars · Argentina
1170
-14
Swizhfish26
7:19 Loom
10:01 Feudal Age
10:37 Double-Bit Axe
10:57 Horse Collar
12:32 Loom
14:51 Forging
17:59 Scale Barding Armor
19:02 Wheelbarrow
21:16 Castle Age
19:17 Gold Mining
20:06 Bloodlines
22:51 Bow Saw
22:43 Heavy Plow
23:10 Husbandry
22:43 Light Cavalry
24:50 Gold Shaft Mining
27:48 Iron Casting
28:19 Stone Mining
32:52 Hand Cart
35:25 Chain Barding Armor
38:13 Imperial Age
35:29 Town Watch
37:37 Coinage
37:08 Caravan
37:46 Fletching
38:31 Ballistics
38:37 Grand Trunk Road
38:42 Scale Mail Armor
38:22 Heavy Camel Rider
40:29 Blast Furnace
40:05 Plate Barding Armor
39:48 Chain Mail Armor
40:42 Two-Man Saw
40:36 Banking
40:54 Conscription
41:44 Chemistry
40:10 Imperial Camel Rider
43:20 Elite Ghulam
44:07 Siege Elephant
54:14 Hussar
56:19 Masonry
63:16 Shatagni
66:38 Thumb Ring
66:32 Bodkin Arrow
66:38 Padded Archer Armor
rmarc
3:51 Loom
10:55 Feudal Age
17:39 Scale Barding Armor
26:44 Castle Age
25:45 Double-Bit Axe
26:39 Fletching
26:46 Gold Mining
31:00 Horse Collar
31:49 Bloodlines
40:41 Pikeman
45:09 Imperial Age
43:19 Wheelbarrow
43:14 Stone Mining
44:30 Chain Barding Armor
44:53 Corvinian Army
45:43 Husbandry
47:29 Conscription
49:29 Elite Magyar Huszar
54:07 Plate Barding Armor
56:43 Town Watch
57:13 Hand Cart
57:05 Caravan
68:19 Town Patrol
68:54 Parthian Tactics
68:33 Padded Archer Armor
master
3:00 Loom
12:03 Feudal Age
16:22 Castle Age
14:53 Double-Bit Axe
17:57 Wheelbarrow
24:52 Fervor
31:10 Imperial Age
29:29 Caravan
30:06 Hand Cart
29:39 Town Watch
29:43 Horse Collar
31:14 Elite Mameluke
32:08 Forging
32:04 Scale Barding Armor
32:21 Horse Collar
33:59 Chain Barding Armor
35:39 Plate Barding Armor
35:21 Heavy Plow
35:37 Gold Mining
35:38 Stone Mining
36:20 Bow Saw
37:06 Conscription
37:23 Iron Casting
36:38 Fletching
38:07 Bloodlines
37:57 Husbandry
39:17 Two-Man Saw
39:38 Hoardings
39:39 Gold Shaft Mining
39:11 Town Patrol
41:06 Blast Furnace
40:21 Devotion
41:03 Bimaristan
41:17 Bimaristan
42:22 Bodkin Arrow
43:39 Counterweights
44:43 Chemistry
43:43 Murder Holes
43:53 Siege Engineers
43:59 Masonry
44:00 Fortified Wall
43:31 Treadmill Crane
44:34 Coinage
44:10 Bracer
44:11 Padded Archer Armor
45:28 Sanctity
45:40 Block Printing
45:50 Illumination
46:00 Leather Archer Armor
47:17 Ring Archer Armor
48:05 Faith
47:56 Redemption
49:28 Ballistics
54:07 Banking
60:48 Light Cavalry
62:20 Capped Ram
mdecelle
11:43 Feudal Age
14:33 Castle Age
15:02 Wheelbarrow
14:13 Double-Bit Axe
14:19 Horse Collar
15:50 Bow Saw
17:39 Loom
19:34 Wheelbarrow
21:14 Heavy Plow
21:52 Stone Mining
22:10 Gold Mining
24:24 Gold Shaft Mining
24:25 Stone Shaft Mining
24:50 Town Watch
26:33 Hand Cart
26:20 Town Patrol
28:26 Ballistics
28:17 Masonry
28:20 Forging
28:16 Scale Barding Armor
28:02 Fletching
28:24 Light Cavalry
29:15 Bloodlines
29:06 Husbandry
30:43 Chain Barding Armor
31:37 Iron Casting
35:35 Imperial Age
33:51 Tusk Swords
37:20 Blast Furnace
36:56 Plate Barding Armor
36:50 Conscription
36:22 Hussar
37:09 Bodkin Arrow
36:51 Elite Ballista Elephant
37:52 Conscription
38:20 Double Crossbow
39:59 Hoardings
41:08 Crop Rotation
40:50 Murder Holes
41:00 Siege Engineers
41:27 Architecture
41:57 Bracer
43:00 Chemistry
43:51 Siege Engineers
61:36 Caravan
El Gargola
6:25 Loom
10:57 Feudal Age
11:57 Loom
15:34 Castle Age
15:15 Fletching
15:27 Double-Bit Axe
16:10 Horse Collar
21:30 Bow Saw
21:22 Heavy Plow
21:11 Town Watch
21:05 Crossbowman
21:54 Town Watch
24:06 Bodkin Arrow
25:18 Gold Mining
26:03 Padded Archer Armor
27:03 Leather Archer Armor
29:12 Ballistics
32:53 Imperial Age
29:53 Man-at-Arms
29:58 Pikeman
30:24 Gambesons
30:39 Squires
30:25 Arson
30:54 Masonry
31:04 Masonry
32:10 Scale Mail Armor
32:21 Forging
33:28 Chain Mail Armor
33:35 Bracer
33:10 Arbalester
34:29 Iron Casting
35:04 Chemistry
34:31 Murder Holes
34:41 Siege Engineers
35:50 Gold Shaft Mining
35:08 Stone Mining
34:46 Man-at-Arms
35:43 Chain Mail Armor
36:01 Ring Archer Armor
36:14 Hoardings
36:42 Town Patrol
36:16 Elite Berserk
37:19 Conscription
37:48 Architecture
37:10 Long Swordsman
39:03 Plate Mail Armor
39:35 Blast Furnace
40:13 Two-Handed Swordsman
40:46 Onager
42:03 Bogsveigar
42:06 Chieftains
42:24 Caravan
45:06 Champion
49:47 Fortified Wall
49:18 Treadmill Crane
57:14 Capped Ram
58:28 Siege Ram
Tigre Mj
3:38 Loom
11:43 Feudal Age
16:07 Castle Age
13:51 Horse Collar
13:57 Double-Bit Axe
14:55 Stone Mining
22:03 Heavy Plow
24:16 Wheelbarrow
25:00 Forging
25:21 Scale Barding Armor
27:04 Iron Casting
27:39 Chain Barding Armor
30:21 Hand Cart
29:51 Town Watch
30:36 Gold Mining
35:14 Imperial Age
36:04 Bloodlines
35:57 Husbandry
35:21 Elite Tarkan
36:51 Plate Barding Armor
38:13 Blast Furnace
37:21 Marauders
37:37 Town Patrol
38:10 Conscription
43:15 Scale Mail Armor
42:38 Pikeman
43:18 Squires
44:39 Gold Shaft Mining
43:36 Halberdier
44:32 Chain Mail Armor
55:39 Caravan
61:35 Arson
santy
11:26 Feudal Age
12:31 Loom
15:33 Castle Age
13:49 Double-Bit Axe
18:56 Forging
24:23 Horse Collar
25:45 Wheelbarrow
30:29 Imperial Age
29:31 Gold Mining
30:52 Bow Saw
31:24 Bloodlines
31:59 Gold Shaft Mining
30:48 Cavalier
31:00 Cavalier
32:31 Iron Casting
32:03 Scale Barding Armor
32:27 Hand Cart
33:58 Paladin
36:04 Conscription
36:41 Chain Barding Armor
36:04 Light Cavalry
37:39 Pikeman
38:45 Hussar
40:17 Steppe Husbandry
42:55 Plate Barding Armor
45:02 Blast Furnace
44:19 Town Watch
56:38 Halberdier
57:56 Caravan
64:45 Heavy Plow
Pister BM
10:42 Feudal Age
12:33 Loom
15:29 Double-Bit Axe
17:58 Wheelbarrow
21:22 Castle Age
20:50 Gold Mining
20:43 Horse Collar
21:39 Bloodlines
22:20 Bow Saw
22:37 Heavy Plow
22:54 Husbandry
27:22 Hand Cart
27:27 Scale Barding Armor
31:22 Fletching
37:37 Imperial Age
35:49 Chain Barding Armor
37:26 Gold Shaft Mining
37:25 Murder Holes
37:47 Cavalier
40:54 Plate Barding Armor
40:15 Bodkin Arrow
40:36 Stone Mining
42:04 Chemistry
43:24 Crop Rotation
43:57 Two-Man Saw
43:37 Paladin
46:20 Bracer
47:17 Town Watch
49:06 Light Cavalry
50:45 Corvinian Army
51:39 Elite Magyar Huszar
56:03 Town Patrol
56:29 Scale Mail Armor
56:29 Padded Archer Armor
62:09 Siege Engineers
61:45 Treadmill Crane
68:14 Leather Archer Armor
68:22 Ballistics
68:02 Heavy Cavalry Archer
69:07 Parthian Tactics
Connection lost

Rejoining the realm…

Still unreachable

The connection could not be restored.

Session expired

The server has moved on; the page needs a fresh start.